 Dungeon Crawl Stone Soup version 0.30-a0-852-g08b95dd62f (webtiles) character file.

Game seed: 9910893291350433253

106 Rocko1345 the Sneak (level 4, -22/37 HPs)
             Began as a Ghoul Brigand on Mar 4, 2023.
             Was a Follower of Uskayaw.
             Annihilated by an ogre
             ... wielding a +0 giant spiked club
              (36 damage)
             ... on level 3 of the Dungeon.
             The game lasted 00:09:25 (1928 turns).

Rocko1345 the Sneak (Ghoul Brigand)                 Turns: 1928, Time: 00:09:26

Health: -22/37     AC: 10    Str: 14    XL:     4   Next: 84%
Magic:  0/3        EV: 10    Int:  6    God:    Uskayaw [*.....]
Gold:   198        SH:  0    Dex: 12    Spells: 3/3 levels left

rFire   . . .      SeeInvis +    a - +2 dagger
rCold   + . .      Faith    .    (no shield)
rNeg    + + +      Spirit   .    s - +0 ring mail
rPois   ∞          Reflect  .    r - +2 helmet {SInv}
rElec   .          Rampage  .    c - +0 cloak
rCorr   .                        q - +0 pair of gloves
Will    .....                    (no boots)
Stlth   ++                       (no amulet)
HPRegen 0.00/turn                (no ring)
MPRegen 0.08/turn                (no ring)

@: inhibited regen
A: claws 1, cold resistance 1, negative energy resistance 3, inhibited
regeneration, torment resistance 2, devour on kill
a: Renounce Religion, Stomp


You were on level 3 of the Dungeon.
You worshipped Uskayaw.
Uskayaw was noncommittal.
You visited 1 branch of the dungeon, and saw 4 of its levels.

You collected 198 gold pieces.

Inventory:

Hand Weapons
 a - a +2 dagger (weapon)
Missiles
 d - 9 poisoned darts (quivered)
 e - 3 curare-tipped darts
 l - a throwing net
Armour
 b - a +0 robe
 c - a +0 cloak (worn)
 n - a +0 leather armour
 q - a +0 pair of gloves (worn)
 r - a +2 helmet of see invisible (worn)
 s - a +0 ring mail (worn)
Scrolls
 g - 3 scrolls of identify {unknown}
 h - a scroll of amnesia {unknown}
 i - 4 scrolls of enchant armour {unknown}
 j - a scroll of teleportation {unknown}
 o - 2 scrolls of immolation {unknown}
 p - a scroll of butterflies {unknown}
Potions
 f - 2 potions of curing {unknown}
 k - a potion of attraction {unknown}
 m - a potion of brilliance {unknown}


   Skills:
 + Level 2.3 Fighting
 + Level 2.1 Short Blades
 + Level 2.0 Throwing
 + Level 1.2 Armour
 + Level 1.3 Dodging
 * Level 5.9 Stealth


You had 3 spell levels left.
You didn't know any spells.
Your spell library was empty.

Dungeon Overview and Level Annotations

Branches:
Dungeon (4/15)
 Temple: D:4-7

Altars:
Ru
Uskayaw

Shops:
D:3 *


Innate Abilities, Weirdness & Mutations

You are immune to poison.
You have sharp fingernails.
Your flesh is cold resistant. (rC+)
You are immune to negative energy. (rN+++)
You do not regenerate when monsters are visible.
You are immune to unholy pain and torment.
You thrive by killing the living.


Message History

The hobgoblin is heavily wounded.
The hobgoblin hits you.
You hit the hobgoblin but do no damage.
The hobgoblin is heavily wounded.
The hobgoblin barely misses you.
You hit the hobgoblin.
You kill the hobgoblin!
You now have 198 gold pieces (gained 27).
You see here a hobgoblin corpse.
HP restored.
Done exploring.
Done exploring.
You see here a +0 plate armour.
There is a stone staircase leading down here.
You climb downwards.
There is a stone staircase leading up here.
You hit the ogre.
The ogre is lightly wounded.
You barely miss the ogre.
The ogre is lightly wounded.
The ogre hits you with a +0 giant spiked club.
You hit the ogre.
The ogre is lightly wounded.
The ogre barely misses you.
You hit the ogre but do no damage.
The ogre is lightly wounded.
You hit the ogre.
The ogre is moderately wounded.
The ogre hits you with a +0 giant spiked club!!
Ouch! That really hurt!
There is a stone staircase leading up here.
The ogre barely misses you.
You climb upwards.
There is a stone staircase leading down here.
You stomp with the beat, sending a shockwave through the revellers around you!
The ogre is heavily wounded.
You can no longer stomp with the beat.
You can now stomp with the beat.
The ogre hits you with a +0 giant spiked club!!!
Ouch! That really hurt!
You die...

.######.###............#
.......................#
.######.####..........## .# #.#
##...##...## .######.##
##..##..###########
.........###..###.....##.....##
#######.......##..)...........##
#######.####..#O>.........<....#
......#.# #..#.@.........†....#
#####...####...................#
######....#..#.................#
....###.#.#.###................#
......#.#....#.................#
####...........#..............##
.###.#.........##.....##.....##
.........<.....###############
.............#.....########


You could see an ogre.

Vanquished Creatures
  Terence (D:2)
  Robin (D:2)
  2 adders
  A worm (D:3)
  A dart slug (D:1)
  An orc (D:3)
  3 endoplasms
  3 giant cockroaches (D:3)
  8 goblins
  5 hobgoblins
  2 quokkas
  3 ball pythons (D:2)
  5 bats
  2 frilled lizards (D:1)
  4 kobolds
  6 rats
48 creatures vanquished.

Notes
Turn   | Place    | Note
-------+----------+-------------------------------------------
     0 | D:1      | Rocko1345 the Ghoul Brigand began the quest for the Orb.
     0 | D:1      | Reached XP level 1. HP: 17/17 MP: 0/0
   227 | D:1      | Reached XP level 2. HP: 24/24 MP: 1/1
   272 | D:1      | Found a faded altar of an unknown god.
   282 | D:1      | Reached skill level 5 in Stealth
   600 | D:1      | Prayed at the altar of an unknown god.
   600 | D:1      | Became a worshipper of Uskayaw the Reveller
   600 | D:1      | Reached * piety under Uskayaw
   792 | D:2      | Reached ** piety under Uskayaw
   910 | D:2      | Reached XP level 3. HP: 27/29 MP: 2/2
   946 | D:2      | Noticed Terence
   965 | D:2      | Killed Terence
   966 | D:2      | Reached skill level 1 in Dodging
  1009 | D:2      | Reached XP level 4. HP: 36/36 MP: 3/3
  1102 | D:2      | Noticed Robin
  1124 | D:2      | Reached *** piety under Uskayaw
  1125 | D:2      | Killed Robin
  1492 | D:3      | Reached skill level 1 in Armour
  1519 | D:3      | Found Qooleopp's Assorted Antiques.
  1680 | D:3      | Found a sacrificial altar of Ru.
  1915 | D:4      | Noticed an ogre
  1928 | D:3      | Annihilated by an ogre

Illustrated notes

Levels and vault maps discovered:
D:1:      minmay_arrival_glassed_features, layout_loops_ring,
          shapermc_ecumenical_altar_venn, grunt_decor_fettered
D:2:      layout_loops_ring, uniq_terence, uniq_robin
D:3:      layout_rooms, mainiacjoe_overflow_alcove_2, serial_shops,
          nicolae_square_shop
D:4:      layout_basic, nicolae_wu_jian_immortal_techniques,
          amcnicky_altar_gilded, grunt_ministairs_3

Skill      XL: |  1  2  3  4 |
---------------+-------------+-----
Stealth        | 5 |  5.9
Short Blades   | 2 |  2.1
Dodging        | 1 |  1.3
Armour         | 1 |  1.2
Throwing       | 2 |  2.0
Fighting       | |  2.3

Action                     |  1- 3 |  4- 6 || total
---------------------------+-------+-------++-------
  Melee: Dagger            |    79 |   109 ||   188
         Punch             |       |     1 ||     1
  Throw: Dart              |     4 |       ||     4
 Invoke: Stomp             |       |     3 ||     3
   Stab: Sleeping          |     4 |     3 ||     7
         Paralysed         |       |     1 ||     1
 Armour: Robe              |    12 |       ||    12
         Leather armour    |    20 |    15 ||    35
         Ring mail         |       |    25 ||    25
  Dodge: Dodged            |    57 |    44 ||   101

Table legend: (Time is in decaauts)
 A = Elapsed time spent in this place.
 B = Non-inter-level travel time spent in this place.
 C = Inter-level travel time spent in this place.
 D = Time resting spent in this place.
 E = Time spent auto-exploring this place.
 F = Levels seen in this place.
 G = Mean time per level.
                   A        B        C        D        E       F      G
               +--------+--------+--------+--------+--------+-----+--------+
         Total |   1908 |   1821 |     87 |    129 |   1062 |   4 |  477.0 |
       Dungeon |   1908 |   1821 |     87 |    129 |   1062 |   4 |  477.0 |
               +--------+--------+--------+--------+--------+-----+--------+

Top non-repeatable levels by time:
     D:2: 773 daAuts
     D:1: 641 daAuts
     D:3: 483 daAuts
     D:4: 10 daAuts
